 Dungeon Crawl Stone Soup version 0.21.1-1-g345015f (webtiles) character file.

37 yevrey the Grave Robber (level 3, 0/26 HPs)
             Began as a Vampire Necromancer on Apr 28, 2018.
             Slain by an adder (2 damage)
             ... on level 2 of the Dungeon.
             The game lasted 00:05:55 (1213 turns).

yevrey the Grave Robber (Vampire Necromancer)       Turns: 1213, Time: 00:05:56

Health: 0/26       AC:  3    Str:  8    XL:     3   Next: 21%
Magic:  0/6        EV: 12    Int: 17    God:
Gold:   122        SH:  0    Dex: 14    Spells: 4/6 levels left

rFire    . . .     SeeInvis +   (no weapon)
rCold    . . .     Gourm    .   (no shield)
rNeg     . . .     Faith    .   h - +0 leather armour
rPois    .         Spirit   .   (no helmet)
rElec    .         Reflect  .   (no cloak)
rCorr    .         Harm     .   (no gloves)
MR       .....                  (no boots)
Stlth    ++........             (no amulet)
HPRegen  0.28/turn              (no ring)
MPRegen  0.10/turn              (no ring)

@: lethally poisoned (0 -> 0), regenerating quickly
A: fangs 3, see invisible, unbreathing
a: no special abilities


You were on level 2 of the Dungeon.
You were very full.

You visited 1 branch of the dungeon, and saw 2 of its levels.

You collected 122 gold pieces.

Inventory:

Armour
 d - a scarf of spirit shield
 h - a +0 leather armour (worn)
Jewellery
 g - a +3 ring of protection {unknown}
 k - a +3 ring of strength {unknown}
Scrolls
 a - a scroll of blinking {unknown}
 f - 2 scrolls of identify {unknown}
 j - a scroll of teleportation {unknown}
Potions
 c - a potion of blood
 e - a potion of heal wounds {unknown}
 i - a potion of magic {unknown}
Books
 b - a book of Necromancy

   Spells                             Type                      Level
   a - Pain                           Necromancy                   1
   b - Animate Skeleton               Necromancy                   1
   c - Vampiric Draining              Necromancy                   3
   d - Regeneration                   Charms/Necromancy            3
   e - Animate Dead                   Necromancy                   4
   f - Borgnjor's Vile Clutch         Necromancy/Earth             5


   Skills:
 * Level 1.3 Fighting
 - Level 2.1 Dodging
 + Level 3.1 Stealth
 + Level 0.1 Unarmed Combat
 + Level 2.4 Spellcasting
 + Level 4.8 Necromancy


You had 4 spell levels left.
You knew the following spells:

 Your Spells              Type           Power        Failure   Level  Hunger
a - Pain                  Necr           ###.         3%          1    #......
b - Animate Skeleton      Necr           N/A          3%          1    #......


Dungeon Overview and Level Annotations

Branches:
Dungeon (2/15)

Altars:


Innate Abilities, Weirdness & Mutations

Your natural rate of healing is unusually fast.
You have razor-sharp teeth.
You have supernaturally acute eyesight. (SInv)
You can survive without breathing.


Message History

You feel sick. The adder misses you.
Casting: Animate Skeleton
Confirm with . or Enter, or press ? or * to list all spells.
Aiming: Pain
Press: ? - help, Shift-Dir - straight line, f - adder
Aim: an adder (moderately wounded, chance to defeat MR: 84%)
The adder writhes in agony!
The adder bites you.
* * * LOW HITPOINT WARNING * * *
You closely miss the adder.
The adder is severely wounded.
You feel sick. The adder bites you.
* * * LOW HITPOINT WARNING * * *
You miss the adder.
The adder is severely wounded.
The adder completely misses you. The adder barely misses you.
You barely miss the adder.
The adder is severely wounded.
The adder bites you.
You die...

#..... #... #.....###......
#..... #.. #.....# #......
#..... #.# #.(...# #......
.....##.# #.....###......
#.....# #.....)...### #.....#
#.........# #..%..#
#...(.....#
#.....############.........#
#.###.......S@.....<.......###
#. ##############(....)......
#. .............#... #
#########.#..#... #.#..#...
#........ ##..##.. .>. .. ..#
#.


You could see an adder.

Vanquished Creatures
  2 adders (D:2)
  A giant cockroach (D:1)
  3 hobgoblins
  4 jackals (D:1)
  A kobold (D:2)
  A ball python (D:1)
  A bat (D:2)
  2 frilled lizards (D:1)
  A goblin (D:1)
  3 rats
19 creatures vanquished.

Vanquished Creatures (collateral kills)
  A rat (D:1)
1 creature vanquished.

Grand Total: 20 creatures vanquished

Notes
Turn   | Place    | Note
-------+----------+-------------------------------------------
     0 | D:1      | yevrey the Vampire Necromancer began the quest for the Orb.
     0 | D:1      | Reached XP level 1. HP: 13/13 MP: 3/3
     2 | D:1      | Learned a level 1 spell: Animate Skeleton
   611 | D:2      | Reached XP level 2. HP: 19/20 MP: 5/5
   640 | D:2      | Reached skill level 1 in Fighting
  1184 | D:1      | You fall through a shaft!
  1189 | D:2      | Reached XP level 3. HP: 16/26 MP: 0/6
  1213 | D:2      | Slain by an adder

Skill      XL: |  1  2 |
---------------+-------+-----
Fighting       | 1 |  1.3
Dodging        | |  2.1
Stealth        | |  3.1
Unarmed Combat | |  0.1
Spellcasting   | |  2.4
Necromancy     | |  4.8

Action                   || total
-------------------------++-------
Melee: Unarmed           ||    68
       Bite              ||     5
 Cast: Pain              ||    30
       Animate Skeleton  ||     5
 Stab: Sleeping          ||     1
  Eat: Corpse            ||    10
Armor: Robe              ||     8
       Leather armour    ||    16
Dodge: Dodged            ||    55
